[Event "St Kilda East and Caulfield Chess Club T3 2025 OPEN Thursdays"]
[Site "st kilda east, Australia"]
[Date "2025.09.18"]
[Round "7.3"]
[White "Bambridge, Greg"]
[Black "Milic, James"]
[Result "0-1"]
[TimeControl "60 minutes per player per game plus 10 seconds from move 1"]
[WhiteElo "1378"]
[BlackElo "1368"]

1. e4 e5 2. Nf3 Nc6 3. d4 exd4 4. Nxd4 Nf6 5. Nxc6 bxc6 6. Bd3 d5 7. exd5 cxd5 8. O-O Be7 9. Nc3 O-O 10.
Bg5 Be6 11. Re1 c6 12. h3 Qd6 13. Ne2 Qb4 14. b3 h6 15. a3 Qb8 16. Bh4 c5 17. Bg3 Bd6 18. Bxd6 Qxd6 19. Ng3 Qf4 20.
Bf1 Qg5 21. Qc1 Qxc1 22. Raxc1 a5 23. c4 d4 24. Ne4 Nxe4 25. Rxe4 Rab8 26. b4 axb4 27. axb4 Rxb4 28. Re5 Rc8 29.
f4 g6 30. g4 Kg7 31. f5 Kf6 32. Rce1 Bxc4 33. fxg6 Kxg6 34. Bg2 Be6 35. Be4+ Kg7 36. Bd5 Bxd5 37. Rxd5 Rb3 38. Kg2 d3 39.
Re7 c4 40. Rdd7 Rf8 41. Rc7 c3 42. Red7 c2 43. Kf2 Rb7 44. Ke1 c1=Q+ 45. Rxc1 Rxd7 0-1

[Event "St Kilda East and Caulfield Chess Club T3 2025 OPEN Thursdays"]
[Site "st kilda east, Australia"]
[Date "2025.09.18"]
[Round "7.2"]
[White "Kagan, Naum"]
[Black "Hendrey, Thomas"]
[Result "1-0"]
[TimeControl "60 minutes per player per game plus 10 seconds from move 1"]
[WhiteElo "2079"]
[BlackElo "1919"]

1. d4 Nf6 2. Nf3 e6 3. Bg5 d5 4. e3 c5 5. Nbd2 cxd4 6. exd4 Bd6 7. Bd3 O-O 8. O-O b6 9. Qe2 a5 10.
Ne5 Be7 11. f4 h6 12. Bh4 Nfd7 13. Bxe7 Qxe7 14. c3 Nxe5 15. fxe5 Ba6 16. Rf3 Bxd3 17. Rxd3 Nd7 18. Re1 Kh8 19.
Re3 Rae8 20. Qb5 Rg8 21. c4 Qb4 22. Qxb4 axb4 23. cxd5 exd5 24. Rb3 Ra8 25. Rxb4 Ra4 26. a3 Rxa3 27. Rd1 Ra2 28. Rc1 Rd8 29. Kf2 Kg8 30. Rc6 Rb8 31. Nb1 Ra5 32. Nc3 Nf8 33. Rcxb6 Rc8 34. Rb8 Rxb8 35. Rxb8 Ra7 36. Ke3 Rd7 37. Rb5 f6 38. Rxd5 Re7 39.
Ke4 Nd7 40. Rb5 Kf7 41. Nd5 Re6 42. Nf4 f5+ 43. Kxf5 g6+ 44. Kg4 Ra6 45. e6+ Rxe6 46. Nxe6 Kxe6 47. Kf4 g5+ 48. Ke4 Nf6+ 49. Kd3 Kd5 50. Ke4+ 1-0

[Event "St Kilda East and Caulfield Chess Club T3 2025 OPEN Thursdays"]
[Site "st kilda east, Australia"]
[Date "2025.09.18"]
[Round "7.9"]
[White "Lopata, Felix"]
[Black "Shore, Isaac"]
[Result "1-0"]
[TimeControl "60 minutes per player per game plus 10 seconds from move 1"]
[WhiteElo "1254"]
[BlackElo "562"]

1. Nf3 c5 2. c4 Nc6 3. g3 e6 4. Nc3 Nge7 5. d4 cxd4 6. Nxd4 g6 7. Bg2 d5 8. cxd5 exd5 9. Bf4 Bg7 10.
Ndb5 Ne5 11. Nxd5 Nxd5 12. Qxd5 Qa5+ 13. Bd2 Qb6 14. Nd6+ Kf8 15. O-O Qxb2 16. Nc4 Nxc4 17. Qd8# 1-0

[Event "St Kilda East and Caulfield Chess Club T3 2025 OPEN Thursdays"]
[Site "st kilda east, Australia"]
[Date "2025.09.18"]
[Round "7.8"]
[White "Bo, Jeremie"]
[Black "Beckman, John"]
[Result "0-1"]
[TimeControl "60 minutes per player per game plus 10 seconds from move 1"]
[WhiteElo "473"]
[BlackElo "1201"]

1. e4 d6 2. d4 Nf6 3. Nc3 c6 4. Nf3 Bg4 5. Be2 Nbd7 6. h3 Bh5 7. Bf4 Qa5 8. Bd2 Qc7 9. d5 e5 10.
Rb1 Be7 11. Be3 Bg6 12. Nd2 O-O 13. Bd3 a6 14. O-O Qa5 15. Nc4 Qc7 16. Re1 b5 17. Nd2 c5 18. b3 Rfb8 19. Nf3 Nb6 20.
Nh4 Nxe4 21. Nxe4 Bxh4 22. Nc3 f5 23. Bd2 b4 24. Na4 Nxa4 25.
bxa4 c4 26. Be2 a5 27. c3 bxc3 28. Rxb8+ Rxb8 29. Bxc3 f4 30. Qd2 Qc5 31. Bf3 Bd8 32. Be2 Bb6 0-1

[Event "St Kilda East and Caulfield Chess Club T3 2025 OPEN Thursdays"]
[Site "st kilda east, Australia"]
[Date "2025.09.18"]
[Round "7.7"]
[White "Ramachandran, Prashanth"]
[Black "Warren, Elizabeth"]
[Result "1-0"]
[TimeControl "60 minutes per player per game plus 10 seconds from move 1"]
[WhiteElo "1318"]
[BlackElo "837"]

1. e4 e6 2. d4 d5 3. Nc3 c5 4.
exd5 cxd4 5. Qxd4 Qf6 6. Qxf6 Nxf6 7. dxe6 Bxe6 8. Bb5+ Nbd7 9. Bf4 Bc5 10. f3 a6 11. Bd3 Bb4 12. Nge2 Nc5 13.
O-O-O Nxd3+ 14. Rxd3 O-O 15. a3 Be7 16. Nd4 Bc4 17. Re3 Bc5 18. Rd1 Rad8 19. Be5 Nd5 20. Nxd5 Bxd5 21. Rc3 Be7 22.
Nf5 Bg5+ 23. f4 Bf6 24. Bxf6 Bxg2 25. Bxd8 Bf3 26. Rxf3 1-0

[Event "St Kilda East and Caulfield Chess Club T3 2025 OPEN Thursdays"]
[Site "st kilda east, Australia"]
[Date "2025.09.18"]
[Round "7.1"]
[White "Sandler, Leonid"]
[Black "Rujevic, Mirko"]
[Result "1/2-1/2"]
[TimeControl "60 minutes per player per game plus 10 seconds from move 1"]
[WhiteElo "2279"]
[BlackElo "2163"]

1. c4 c5 2. Nc3 Nc6 3. g3 g6 4. Bg2 Bg7 5. Nf3 Nf6 6. O-O O-O 7. d4 cxd4 8. Nxd4 Qb6 9. Nb3 d6 10.
Nd5 Nxd5 11. cxd5 Ne5 12. Be3 Qa6 13. Bd4 Bd7 14. h3 Rac8 15. Bc3 Rc7 16. Re1 Rfc8 17. Kh2 h5 18. f4 Rxc3 19.
bxc3 Nc4 20. Qd3 Qb6 21. Nd4 Qa5 22. Rab1 Rc7 23. Rec1 a6 24. Rb4 b5 25. Nc6 Qa3 26. Rc2 Kf8 27.
e4 Bxc6 28. dxc6 Rxc6 29. Rb3 Qc5 30. e5 Rc8 31. exd6 Nxd6 32. Re2 Bf6 33. Qd5 Qxd5 34. Bxd5 Bxc3 35. g4 hxg4 36. hxg4 b4 37. Kg2 Ke8 1/2-1/2

[Event "St Kilda East and Caulfield Chess Club T3 2025 OPEN Thursdays"]
[Site "st kilda east, Australia"]
[Date "2025.09.18"]
[Round "7.5"]
[White "Hird, Jasper"]
[Black "Hennessy, Maurice"]
[Result "0-1"]
[TimeControl "60 minutes per player per game plus 10 seconds from move 1"]
[WhiteElo "1459"]
[BlackElo "1255"]

1. e4 c6 2. d4 d5 3. e5 Bf5 4. h4 h5 5. Bg5 f6 6. Bf4 Qa5+ 7. c3 Nd7 8. Bd3 Bxd3 9. Qxd3 O-O-O 10. e6 Nb6 11. Nd2 Qa6 12. Qg3 Na8 13. Ngf3 Nh6 14. Bxh6 Rxh6 15. Nb3 b6 16. a4 Qd3 17. a5 Qe4+ 18.
Kd2 Nc7 19. axb6 axb6 20. Ra7 Rd6 21. Rha1 Kb8 22. Ne1 Rg6 23. Qd3 Qxd3+ 24. Kxd3 Rxe6 25. g3 Rxe1 0-1